 Dungeon Crawl Stone Soup version 0.30-a0-462-gd5975efbca (webtiles) character file.

Game seed: 16301842119306361433

4 holysushi the Poker (level 1, 0/19 HPs)
             Began as a Hill Orc Monk on Dec 16, 2022.
             Slain by a quokka (3 damage)
             ... on level 1 of the Dungeon.
             The game lasted 00:00:17 (192 turns).

holysushi the Poker (Hill Orc Monk)                  Turns: 192, Time: 00:00:18

Health: 0/19       AC:  2    Str: 13    XL:     1   Next: 70%
Magic:  1/1        EV: 12    Int: 10    God:
Gold:   0          SH:  0    Dex: 13    Spells: 0/0 levels left

rFire   . . .      SeeInvis .    a - +0 spear
rCold   . . .      Faith    .    (no shield)
rNeg    . . .      Spirit   .    b - +0 robe
rPois   .          Reflect  .    (no helmet)
rElec   .          Harm     .    (no cloak)
rCorr   .          Rampage  .    (no gloves)
Will    .....                    (no boots)
Stlth   ++........               (no amulet)
HPRegen 0.23/turn                (no ring)
MPRegen 0.07/turn                (no ring)

@: no status effects
A: no striking features
a: no special abilities


You were on level 1 of the Dungeon.
You visited 1 branch of the dungeon, and saw 1 of its levels.

Inventory:

Hand Weapons
 a - a +0 spear (weapon)
Armour
 b - a +0 robe (worn)
Jewellery
 h - an amulet of the acrobat
Scrolls
 d - a scroll of brand weapon {unknown}
 g - a scroll of identify {unknown}
Potions
 c - a potion of ambrosia
 e - a potion of lignification {unknown}
 f - 2 potions of resistance {unknown}


   Skills:
 - Level 3.6 Fighting
 + Level 3.7 Polearms
 - Level 2.4 Dodging
 - Level 1.5 Stealth


You couldn't memorise any spells.
You didn't know any spells.
Your spell library contained the following spells:

 Spells                   Type           Power      Damage    Failure   Level
 Inner Flame              Hex/Fire       0%         N/A       75%         3
 Flame Wave               Conj/Fire      0%         2d4       98%         4
 Sticky Flame             Conj/Fire      0%         2d3       98%         4


Dungeon Overview and Level Annotations

Branches:
Dungeon (1/15) Zot: 5808

Altars:


Message History

The hobgoblin hits you but does no damage.
You hit the hobgoblin but do no damage.
The hobgoblin is moderately wounded.
The hobgoblin completely misses you.
You closely miss the hobgoblin.
The hobgoblin is moderately wounded.
The hobgoblin hits you but does no damage.
You closely miss the hobgoblin.
The hobgoblin is moderately wounded.
The hobgoblin misses you.
You hit the hobgoblin.
You kill the hobgoblin!
You see here a hobgoblin corpse.
You start resting.
HP restored.
You see here a hobgoblin corpse.
You open the door.
A quokka comes into view.
There is an open door here.
An endoplasm comes into view.
Found 12 gold pieces.
The endoplasm quivers.
The quokka bites you.
You hit the quokka.
The quokka is moderately wounded.
The quokka bites you.
You hit the quokka but do no damage.
The quokka is moderately wounded.
The quokka completely misses you.
You hit the quokka but do no damage.
The quokka is moderately wounded.
The quokka bites you.
You are too injured to fight recklessly!
You are too injured to fight recklessly!
You closely miss the quokka.
The quokka is moderately wounded.
The quokka bites you.
* * * LOW HITPOINT WARNING * * *
The endoplasm misses you. The quokka bites you.
You die...

#.##.....###...........#
#.#............^.(.....# #
......?...##...........#### #.
#.#.............######.†..#
#.##.#.###...####.............
#....#.....#.......#########.#
#.........##.#####.# #.#
#.?...†...'..r.....# ##.#
#.....†...##.@[....# #...
#.........##.J....... #...
#.........##......#.. #...
############......# #...
#$.....# #... #......# #...
#......# #... #......# ####


You could see an endoplasm and a quokka.

Vanquished Creatures
  A bat (D:1)
  A hobgoblin (D:1)
  A quokka (D:1)
  A rat (D:1)
4 creatures vanquished.

Notes
Turn   | Place    | Note
-------+----------+-------------------------------------------
     0 | D:1      | holysushi the Hill Orc Monk began the quest for the Orb.
     0 | D:1      | Reached XP level 1. HP: 19/19 MP: 1/1
    35 | D:1      | Found a faded altar of an unknown god.
   192 | D:1      | Slain by a quokka

Illustrated notes

Levels and vault maps discovered:
D:1:      sevenhm_arrival_forest_fort_small_5, layout_basic,
          hellmonk_ecumenical_altar_run_dry, serial_shops,
          nicolae_shop_hallway_plus

Action                   || total
-------------------------++-------
Melee: Spear             ||    24
Armor: Robe              ||     6
Dodge: Dodged            ||    10

Table legend: (Time is in decaauts)
 A = Elapsed time spent in this place.
 B = Non-inter-level travel time spent in this place.
 C = Inter-level travel time spent in this place.
 D = Time resting spent in this place.
 E = Time spent auto-exploring this place.
 F = Levels seen in this place.
 G = Mean time per level.
                   A        B        C        D        E       F      G
               +--------+--------+--------+--------+--------+-----+--------+
         Total |    190 |    190 |      0 |     48 |     88 |   1 |  190.0 |
       Dungeon |    190 |    190 |      0 |     48 |     88 |   1 |  190.0 |
               +--------+--------+--------+--------+--------+-----+--------+

Top non-repeatable levels by time:
     D:1: 190 daAuts
